 Dungeon Crawl Stone Soup version 0.23.2-1-ga50397a (webtiles) character file.

Game seed: 12899518576653805168

32 Iscandelvey the Vexing (level 3, -1/26 HPs)
             Began as a Demonspawn Arcane Marksman on Apr 17, 2019.
             Slain by a ball python (2 damage)
             ... on level 1 of the Dungeon.
             The game lasted 00:02:04 (1649 turns).

Iscandelvey the Vexing (Demonspawn Arcane Marksman) Turns: 1649, Time: 00:02:05

Health: -1/26      AC:  2    Str: 10    XL:     3   Next: 10%
Magic:  4/4        EV: 12    Int: 15    God:
Gold:   56         SH:  0    Dex: 13    Spells: 3/4 levels left

rFire    . . .     SeeInvis .   m - +0 whip
rCold    . . .     Gourm    .   (no shield)
rNeg     . . .     Faith    .   e - +0 robe
rPois    .         Spirit   .   (no helmet)
rElec    .         Reflect  .   (no cloak)
rCorr    .         Harm     .   (no gloves)
MR       .....                  (no boots)
Stlth    +.........             (no amulet)
HPRegen  0.08/turn              (no ring)
MPRegen  0.09/turn              (no ring)

@: no status effects
A: powered by pain 1
a: no special abilities


You were on level 1 of the Dungeon.
You were not hungry.

You visited 1 branch of the dungeon, and saw 2 of its levels.

You collected 56 gold pieces.

Inventory:

Hand Weapons
 a - a +0 hand crossbow
 m - a +0 whip (weapon)
Missiles
 d - 27 bolts
 n - a throwing net (quivered)
Armour
 e - a +0 robe (worn)
Jewellery
 c - an uncursed amulet of harm {unknown}
Scrolls
 b - 2 scrolls of enchant armour {unknown}
 g - 3 scrolls of magic mapping {unknown}
 h - a scroll of remove curse {unknown}
 i - a scroll of teleportation {unknown}
 k - a scroll of identify {unknown}
Potions
 j - a potion of degeneration {unknown}
Comestibles
 f - 4 rations


   Skills:
 - Level 1.0 Fighting
 * Level 2.7 Crossbows
 + Level 2.1 Dodging
 * Level 1.0 Spellcasting
 - Level 3.2 Hexes


You had 3 spell levels left.
You knew the following spells:

 Your Spells              Type           Power        Failure   Level  Hunger
a - Corona                Hex            ##.....      6%          1    ##.....

Your spell library contained the following spells:

 Spells                   Type           Power        Failure   Level  Hunger
 Slow                     Hex            ##......     10%         2    ###....
 Inner Flame              Hex/Fire       #.......     36%         3    ####...
 Portal Projectile        Hex/Tloc       #.....       36%         3    ####...
 Cause Fear               Hex            ##........   54%         4    #####..
 Leda's Liquefaction      Hex/Erth       #.........   77%         4    #####..


Dungeon Overview and Level Annotations

Branches:
Dungeon (2/15)

Altars:

Annotations:
D:2 1 runed translucent door, Crazy Yiuf


Innate Abilities, Weirdness & Mutations

You sometimes gain a little power by taking damage.


Message History

You barely miss the ball python.
The ball python is moderately wounded.
The ball python bites you but does no damage.
* * * LOW HITPOINT WARNING * * *
The ball python constricts you.
The ball python's grasp on you weakens, but your attempt to escape fails.
The ball python bites you but does no damage.
The ball python constricts you.
You closely miss the ball python. The ball python bites you.
* * * LOW HITPOINT WARNING * * *
x2 The ball python constricts you.
The ball python completely misses you. The ball python constricts you.
You escape the ball python's grasp.
The ball python barely misses you. The ball python grabs you.
* * * LOW HITPOINT WARNING * * *
The ball python constricts you.
You escape the ball python's grasp.
The ball python closely misses you. x2
The ball python bites you.
You die...

#.# ##...### #..#####.#
##.# #.....# #........#
...##### #)>##.#
#.########
#......###..##.### #.#
#
#...##.##........####.#
#
#...##.##.............#
#
....##.##......#.######
# #....#.##....###.# #
###....##.#..# #@# #
##.........# #S# #
######.#### #.# #
#.######.# #........#
##########


You could see a ball python.

Vanquished Creatures
  An ooze (D:2)
  3 leopard geckos (D:2)
  2 giant cockroaches
  A goblin (D:1)
  2 hobgoblins
  5 kobolds
  A ball python (D:2)
  3 bats
  7 frilled lizards
  2 rats (D:2)
27 creatures vanquished.

Notes
Turn   | Place    | Note
-------+----------+-------------------------------------------
     0 | D:1      | Iscandelvey the Demonspawn Arcane Marksman began the quest
                  | for the Orb.
     0 | D:1      | Reached XP level 1. HP: 15/15 MP: 2/2
  1094 | D:2      | Gained mutation: You sometimes gain a little power by
                  | taking damage. [demonic ancestry]
  1094 | D:2      | Reached XP level 2. HP: 21/21 MP: 3/3
  1487 | D:2      | Reached XP level 3. HP: 26/26 MP: 4/4
  1506 | D:2      | Found a runed translucent door.
  1507 | D:2      | Noticed Crazy Yiuf
  1631 | D:1      | HP: 1/26 [ball python (1)]
  1638 | D:1      | HP: 1/26 [ball python (1)]
  1649 | D:1      | Slain by a ball python

Skill      XL: |  1  2 |
---------------+-------+-----
Crossbows      | 2 |  2.7
Dodging        | 2 |  2.1
Fighting       | |  1.0
Spellcasting   | |  1.0
Hexes          | |  3.2

Action                   || total
-------------------------++-------
Melee: Whip              ||    18
 Fire: Hand crossbow     ||    56
  Eat: Chunk             ||     2
Armor: Robe              ||    13
Dodge: Dodged            ||    35
